 Dungeon Crawl Stone Soup version 0.21-a0-517-gd76cfe0 (webtiles) character file.

669 Firecrotchwizard the Charmwright (level 7, -1/50 HPs)
             Began as a Gnoll Skald on Dec 3, 2017.
             Was a Follower of Hepliaklqana.
             Slain by Joseph
             ... wielding a +0 quarterstaff
              (4 damage)
             ... on level 7 of the Dungeon.
             The game lasted 00:09:32 (4093 turns).

Firecrotchwizard the Charmwright (Gnoll Skald)      Turns: 4093, Time: 00:09:33

Health: -1/50      AC: 12    Str: 14    XL:     7   Next: 58%
Magic:  15/15      EV: 14    Int: 15    God:    Hepliaklqana [*.....]
Gold:   288        SH:  0    Dex: 16    Spells: 6/17 levels left

rFire    . . .     SeeInvis .   b - +2 dagger (elec)
rCold    + . .     Gourm    .   (no shield)
rNeg     . . .     Faith    +   f - +1 ring mail {rC+}
rPois    .         Spirit   .   o - +0 helmet
rElec    .         Reflect  .   p - +0 cloak
rCorr    +         Harm     .   (no gloves)
MR       .....                  (no boots)
Stlth    ++........             t - amulet of faith {Faith, !P}
HPRegen  0.16/turn              y - +3 ring of protection
MPRegen  0.14/turn              r - ring of resist corrosion

@: no status effects
A: distributed training, reduced essence, fangs 1, strong nose
a: Recall Ancestor, Ancestor Identity, Renounce Religion


You were on level 7 of the Dungeon.
You worshipped Hepliaklqana.
Hepliaklqana was aware of your devotion.
You were hungry.

You visited 1 branch of the dungeon, and saw 6 of its levels.

You collected 288 gold pieces.

Inventory:

Hand Weapons
 a - a +0 falchion
 b - a +2 dagger of electrocution (weapon)
   (You took it off an orc wizard on level 3 of the Dungeon)
Armour
 f - a +1 ring mail of cold resistance (worn)
   (You found it on level 3 of the Dungeon)
 o - a +0 helmet (worn)
   (You found it on level 1 of the Dungeon)
 p - a +0 cloak (worn)
   (You found it on level 1 of the Dungeon)
Jewellery
 e - an uncursed ring of flight {+Fly, !d}
   (You found it on level 1 of the Dungeon)
 r - a ring of resist corrosion (right hand)
   (You took it off a hobgoblin on level 2 of the Dungeon)
 t - an amulet of faith (around neck) {Faith, !P}
   (You found it on level 2 of the Dungeon)
 y - a +3 ring of protection (left hand)
   (You found it on level 4 of the Dungeon)
Wands
 w - a wand of polymorph (13)
   (You found it on level 5 of the Dungeon)
Scrolls
 h - 2 scrolls of amnesia {unknown}
 j - a scroll of remove curse {unknown}
 l - a scroll of blinking {unknown}
 n - a scroll of magic mapping {!r}
 q - 4 scrolls of teleportation
 u - 3 scrolls of immolation {unknown}
 x - a scroll of identify {unknown}
 A - a scroll of enchant armour {unknown}
Potions
 g - a potion of degeneration {unknown}
 i - 3 potions of ambrosia {unknown}
 k - 5 potions of curing {unknown}
 m - a potion of might {unknown}
 z - a potion of resistance {unknown}
Books
 c - a book of Battle
 v - a book of Changes
   (You found it on level 3 of the Dungeon)
Comestibles
 d - 3 bread rations {@e1}
 s - 2 meat rations {@e2}


   Skills:
 + Level 5.2 Fighting
 + Level 2.5 Short Blades
 + Level 5.2 Long Blades
 + Level 2.5 Axes
 + Level 2.5 Maces & Flails
 + Level 2.5 Polearms
 + Level 2.5 Staves
 + Level 2.5 Slings
 + Level 2.5 Bows
 + Level 2.5 Crossbows
 + Level 2.5 Throwing
 + Level 3.6 Armour
 + Level 5.2 Dodging
 + Level 2.5 Stealth
 + Level 2.5 Shields
 + Level 2.5 Unarmed Combat
 + Level 5.6 Spellcasting
 + Level 2.0 Conjurations
 + Level 2.0 Hexes
 + Level 5.8 Charms
 + Level 2.0 Summonings
 + Level 2.0 Necromancy
 + Level 2.0 Translocations
 + Level 2.0 Transmutations
 + Level 2.0 Fire Magic
 + Level 2.0 Ice Magic
 + Level 2.0 Air Magic
 + Level 2.0 Earth Magic
 + Level 2.0 Poison Magic
 + Level 2.8 Invocations
 + Level 2.5 Evocations


You had 6 spell levels left.
You knew the following spells:

 Your Spells              Type           Power        Failure   Level  Hunger
a - Infusion              Chrm           ###.         2%          1    None
r - Regeneration          Chrm/Necr      ###.......   17%         3    ###....
s - Shroud of Golubria    Chrm/Tloc      ###.......   9%          2    #......
z - Spectral Weapon       Hex/Chrm       ###.....     17%         3    ###....
S - Song of Slaying       Chrm           ###.....     4%          2    #......


Dungeon Overview and Level Annotations

Branches:
Dungeon (5/15)
 Temple: D:4-7

Altars:
Fedhas
Hepliaklqana
Vehumet
Zin

Annotations:
D:2 1 runed door
D:7 Joseph


Innate Abilities, Weirdness & Mutations

Your experience applies equally to all skills.
You have very sharp teeth.
Your uncanny sense of smell can sniff out nearby items.
Your life essence is reduced to manifest your ancestor. (-10% HP)


Message History

The adder misses you.
Londisizwe barely misses the gnoll.
You hit the adder.
The gnoll hits Londisizwe.
The adder bites you but does no damage.
You closely miss the adder.
Londisizwe hits the gnoll.
The gnoll closely misses Londisizwe.
The adder closely misses you.
You barely miss the adder. The adder barely misses you.
Londisizwe hits the gnoll.
The gnoll closely misses Londisizwe.
You hit the adder. The adder barely misses you.
Londisizwe completely misses the gnoll.
The gnoll barely misses Londisizwe.
You hit the adder.
You kill the adder!
Londisizwe hits the gnoll.
The gnoll dies!
Joseph unwields an uncursed quarterstaff.
Joseph wields a glowing hunting sling.
It is covered in frost.
Joseph shoots a sling bullet.
The sling bullet hits Londisizwe!!
The sling bullet freezes Londisizwe.
You swap places.
The gnoll hits you but does no damage.
The phantom blinks!
You see here a sling bullet.
You hit the gnoll. The gnoll misses you.
The gnoll hits you but does no damage. x2
Londisizwe barely misses the gnoll.
You hit the gnoll. You punch the gnoll, but do no damage.
Joseph says, "It's nothing personal, but I have to kill you."
The gnoll hits Londisizwe with a club.
The gnoll hits you from afar with a spear.
Londisizwe hits the gnoll.
You take 1 damage, and have 49/50 hp.
You barely miss the gnoll. You punch the gnoll, but do no damage.
You bite the gnoll, but do no damage.
The gnoll barely misses Londisizwe.
The gnoll hits you from afar with a spear!
You take 7 damage, and have 42/50 hp.
You hit the gnoll but do no damage. Lightning courses through the gnoll!
You kill the gnoll!
The gnoll hits you from afar with a spear.
You take 6 damage, and have 36/50 hp.
MP restored: 15 You completely miss the gnoll.
The gnoll hits you but does no damage.
Londisizwe hits the gnoll.
You completely miss the gnoll. The gnoll closely misses you.
The gnoll hits you but does no damage.
Londisizwe hits the gnoll.
You hit the gnoll.
The gnoll hits you but does no damage. x2
Londisizwe barely misses the gnoll.
You hit the gnoll. The gnoll closely misses you.
The gnoll completely misses you.
Londisizwe hits the gnoll.
You hit the gnoll.
You kill the gnoll!
Your Conjurations skill increases to level 2!
Your Hexes skill increases to level 2!
Your Summonings skill increases to level 2!
Your Necromancy skill increases to level 2!
Your Translocations skill increases to level 2!
Your Transmutations skill increases to level 2!
Your Fire Magic skill increases to level 2!
Your Ice Magic skill increases to level 2!
Your Air Magic skill increases to level 2!
Your Earth Magic skill increases to level 2!
Your Poison Magic skill increases to level 2!
The gnoll misses you.
Londisizwe hits the phantom.
You hit the phantom. Lightning courses through the phantom!
The phantom hits you but does no damage.
The gnoll hits you but does no damage.
Londisizwe misses the phantom.
You hit the phantom but do no damage. Lightning courses through the phantom!
You destroy the phantom!
The gnoll hits you but does no damage.
You completely miss Joseph.
Londisizwe barely misses Joseph.
You hit Joseph but do no damage.
Joseph unwields an uncursed hunting sling of freezing.
Joseph wields an uncursed quarterstaff.
Joseph hits you with an uncursed quarterstaff!
The gnoll completely misses you.
Londisizwe hits Joseph.
You take 8 damage, and have 29/50 hp.
You hit Joseph but do no damage. The gnoll hits you but does no damage.
Londisizwe closely misses Joseph.
Joseph completely misses you.
You hit Joseph. You bite Joseph, but do no damage.
The gnoll hits you but does no damage.
Londisizwe barely misses Joseph.
Joseph shouts, "I love to fight!
I love killing!"
Joseph closely misses you.
You hit Joseph. You bite Joseph, but do no damage.
The gnoll hits you from afar with a spear.
Londisizwe hits Joseph but does no damage.
You take 4 damage, and have 26/50 hp.
You barely miss Joseph.
Joseph hits you with an uncursed quarterstaff!
* * * LOW HITPOINT WARNING * * *
The gnoll hits you from afar with a spear.
* * * LOW HITPOINT WARNING * * *
Londisizwe closely misses Joseph.
You take 18 damage, and have 8/50 hp.
MASSIVE DAMAGE!!
You hit Joseph but do no damage. Lightning courses through Joseph!
Joseph hits you but does no damage. The gnoll hits you but does no damage.
Londisizwe hits Joseph but does no damage.
You hit Joseph. Lightning courses through Joseph!
Joseph hits you with an uncursed quarterstaff.
* * * LOW HITPOINT WARNING * * *
The gnoll barely misses you.
You take 5 damage, and have 3/50 hp.
You hit Joseph.
Londisizwe hits Joseph.
Joseph hits you with an uncursed quarterstaff.
You die...

∆∆ ..#.# ∆
.... ∆∆∆
.#.##.
#......
###....... .
##.....(...
...
#...g.§....
#..#.#@#
#...@R#
#.......†.#
#....#..#.#
#.....#..#...
...#. ##..
##.. .. #.
#.#. .. . .
#.#. . ## #..
.∆


You could see the friendly Londisizwe the ancestor, Joseph and a gnoll.

Vanquished Creatures
  A phantom (D:7)
  An ogre (D:4)
  Blork the orc (D:4)
  A water moccasin skeleton (D:4)
  A bullfrog skeleton (D:4)
  Terence (D:2)
  3 orc wizards
  2 worker ants
  2 gnolls (D:7)
  6 adders
  2 oozes
  6 worms
  2 dart slugs
  3 leopard geckos
  8 orcs
  4 giant cockroaches
  2 goblins
  5 hobgoblins
  4 jackals (D:3)
  6 kobolds
  A quokka (D:2)
  9 bats
  2 frilled lizards (D:2)
  10 rats
83 creatures vanquished.

Vanquished Creatures (collateral kills)
  A gnoll (D:7)
  2 worms (D:4)
3 creatures vanquished.

Grand Total: 86 creatures vanquished

Notes
Turn   | Place    | Note
-------+----------+-------------------------------------------
     0 | D:1      | Firecrotchwizard the Gnoll Skald began the quest for the Orb.
     0 | D:1      | Reached XP level 1. HP: 20/20 MP: 6/6
   359 | D:1      | Reached XP level 2. HP: 26/26 MP: 7/7
   363 | D:1      | Learned a level 2 spell: Shroud of Golubria
   366 | D:1      | Learned a level 2 spell: Song of Slaying
   773 | D:2      | HP: 4/26 [worm (8)]
   936 | D:2      | Reached XP level 3. HP: 19/31 MP: 6/9
   944 | D:2      | Reached skill level 5 in Spellcasting
  1277 | D:2      | Reached skill level 1 in Invocations
  1343 | D:2      | Noticed Terence
  1347 | D:2      | Reached skill level 1 in Short Blades
  1347 | D:2      | Reached skill level 1 in Axes
  1347 | D:2      | Reached skill level 1 in Maces & Flails
  1347 | D:2      | Reached skill level 1 in Polearms
  1347 | D:2      | Reached skill level 1 in Staves
  1347 | D:2      | Reached skill level 1 in Slings
  1347 | D:2      | Reached skill level 1 in Bows
  1347 | D:2      | Reached skill level 1 in Crossbows
  1347 | D:2      | Reached skill level 1 in Throwing
  1347 | D:2      | Reached skill level 1 in Stealth
  1347 | D:2      | Reached skill level 1 in Shields
  1347 | D:2      | Reached skill level 1 in Unarmed Combat
  1347 | D:2      | Reached skill level 1 in Evocations
  1359 | D:2      | Reached XP level 4. HP: 19/38 MP: 8/11
  1367 | D:2      | Killed Terence
  1608 | D:2      | Reached skill level 1 in Conjurations
  1608 | D:2      | Reached skill level 1 in Hexes
  1608 | D:2      | Reached skill level 1 in Summonings
  1608 | D:2      | Reached skill level 1 in Necromancy
  1608 | D:2      | Reached skill level 1 in Translocations
  1608 | D:2      | Reached skill level 1 in Transmutations
  1608 | D:2      | Reached skill level 1 in Fire Magic
  1608 | D:2      | Reached skill level 1 in Ice Magic
  1608 | D:2      | Reached skill level 1 in Air Magic
  1608 | D:2      | Reached skill level 1 in Earth Magic
  1608 | D:2      | Reached skill level 1 in Poison Magic
  1633 | D:2      | Reached XP level 5. HP: 17/43 MP: 12/12
  2073 | D:2      | Found a runed door.
  2124 | D:3      | Reached skill level 3 in Armour
  2258 | D:3      | HP: 10/43 [orc wizard/dagger of electrocution (1)]
  2263 | D:3      | HP: 7/43 [poisoned by an adder]
  2513 | D:3      | Learned a level 3 spell: Regeneration
  2517 | D:3      | Learned a level 3 spell: Spectral Weapon
  2661 | D:3      | Reached XP level 6. HP: 48/50 MP: 13/13
  2938 | D:3      | Reached skill level 2 in Invocations
  3123 | D:3      | Found a hazy altar of Hepliaklqana.
  3131 | D:3      | Became a worshipper of Hepliaklqana the Forgotten
  3451 | D:4      | Reached skill level 5 in Fighting
  3451 | D:4      | Reached skill level 2 in Short Blades
  3451 | D:4      | Reached skill level 5 in Long Blades
  3451 | D:4      | Reached skill level 2 in Axes
  3451 | D:4      | Reached skill level 2 in Maces & Flails
  3451 | D:4      | Reached skill level 2 in Polearms
  3451 | D:4      | Reached skill level 2 in Staves
  3451 | D:4      | Reached skill level 2 in Slings
  3451 | D:4      | Reached skill level 2 in Bows
  3451 | D:4      | Reached skill level 2 in Crossbows
  3451 | D:4      | Reached skill level 2 in Throwing
  3451 | D:4      | Reached skill level 5 in Dodging
  3451 | D:4      | Reached skill level 2 in Stealth
  3451 | D:4      | Reached skill level 2 in Shields
  3451 | D:4      | Reached skill level 2 in Unarmed Combat
  3451 | D:4      | Reached skill level 2 in Evocations
  3527 | D:4      | Found a glowing silver altar of Zin.
  3646 | D:4      | Noticed Blork the orc
  3655 | D:4      | Killed Blork the orc
  3655 | D:4      | Reached XP level 7. HP: 50/50 MP: 8/15
  3919 | D:4      | Found a radiant altar of Vehumet.
  3919 | D:4      | Found a blossoming altar of Fedhas.
  3983 | D:5      | Entered Level 5 of the Dungeon
  3996 | D:5      | Reached * piety under Hepliaklqana
  4062 | D:5      | You fall through a shaft for 2 floors!
  4065 | D:7      | Noticed Joseph
  4082 | D:7      | Reached skill level 2 in Conjurations
  4082 | D:7      | Reached skill level 2 in Hexes
  4082 | D:7      | Reached skill level 2 in Summonings
  4082 | D:7      | Reached skill level 2 in Necromancy
  4082 | D:7      | Reached skill level 2 in Translocations
  4082 | D:7      | Reached skill level 2 in Transmutations
  4082 | D:7      | Reached skill level 2 in Fire Magic
  4082 | D:7      | Reached skill level 2 in Ice Magic
  4082 | D:7      | Reached skill level 2 in Air Magic
  4082 | D:7      | Reached skill level 2 in Earth Magic
  4082 | D:7      | Reached skill level 2 in Poison Magic
  4090 | D:7      | HP: 11/50 [Joseph/uncursed quarterstaff (15)]
  4092 | D:7      | HP: 3/50 [Joseph/uncursed quarterstaff (5)]
  4093 | D:7      | Slain by Joseph

Vault maps used:
D:1:      minmay_arrival_open_corners
D:2:      hex_large, uniq_crazy_yiuf_cottage, uniq_terence
D:3:      lemuel_coloured_pillars_altar, first_bread
D:4:      gammafunk_temple_overflow_forgotten, uniq_blork_the_orc
D:5:      serial_glass, glass_columns_a, glass_columns_c, feat_on_display,
          item_on_display_a
D:7:      lemuel_round_altar, minmay_temple_entry_purple_smoke, grunt_ogre_cave,
          minivault_24, minmay_misc_feat_encased, dk_vineyard_3, fedhas_altar_2,
          uniq_pikel, uniq_joseph

Skill      XL: |  1  2  3  4  5  6  7 |
---------------+----------------------+-----
Spellcasting   | 5 |  5.6
Invocations    | 1 2 |  2.8
Short Blades   | 1 2 |  2.5
Axes           | 1 2 |  2.5
Maces & Flails | 1 2 |  2.5
Polearms       | 1 2 |  2.5
Staves         | 1 2 |  2.5
Slings         | 1 2 |  2.5
Bows           | 1 2 |  2.5
Crossbows      | 1 2 |  2.5
Throwing       | 1 2 |  2.5
Stealth        | 1 2 |  2.5
Shields        | 1 2 |  2.5
Unarmed Combat | 1 2 |  2.5
Evocations     | 1 2 |  2.5
Conjurations   | 1 2 |  2.0
Hexes          | 1 2 |  2.0
Summonings     | 1 2 |  2.0
Necromancy     | 1 2 |  2.0
Translocations | 1 2 |  2.0
Transmutations | 1 2 |  2.0
Fire Magic     | 1 2 |  2.0
Ice Magic      | 1 2 |  2.0
Air Magic      | 1 2 |  2.0
Earth Magic    | 1 2 |  2.0
Poison Magic   | 1 2 |  2.0
Armour         | 3 |  3.6
Fighting       | 5 |  5.2
Long Blades    | 5 |  5.2
Dodging        | 5 |  5.2
Charms         | |  5.8

Action                   |  1- 3 |  4- 6 |  7- 9 || total
-------------------------+-------+-------+-------++-------
Melee: Falchion          |   121 |    89 |       ||   210
       Bite              |    12 |    28 |     6 ||    46
       Punch             |       |     5 |     2 ||     7
       Dagger            |       |    83 |    39 ||   122
 Cast: Shroud of Golubri |     4 |     4 |       ||     8
       Infusion          |       |     1 |       ||     1
       Song of Slaying   |       |     1 |       ||     1
Invok: Recall Ancestor   |       |       |     1 ||     1
  Use: Scroll            |     4 |     1 |       ||     5
 Stab: Sleeping          |     1 |       |     2 ||     3
  Eat: Chunk             |     2 |     5 |     1 ||     8
       Royal jelly       |       |     1 |       ||     1
Armor: Leather armour    |    10 |       |       ||    10
       Ring mail         |    32 |    62 |    16 ||   110
Dodge: Dodged            |    82 |   141 |    22 ||   245
       Rpst.: Falchion   |    20 |    30 |       ||    50

Table legend:
 A = Spawn XP
 B = Non-spawn XP
 C = Spawn XP percentage of total XP
 D = Spawn monster count
 E = Non-spawn monster count
 F = Spawn count percentage of total count
 G = Total turns spent on level
                    A         B        C        D         E        F      G
               +---------+---------+-------+---------+---------+-------+---------
         Total |       0 |     956 |   0.0 |       0 |      86 |   0.0 |  4093
               +---------+---------+-------+---------+---------+-------+---------
           D:1 |       0 |      27 |   0.0 |       0 |      15 |   0.0 |   935
           D:2 |       0 |     192 |   0.0 |       0 |      30 |   0.0 |  1163
           D:3 |       0 |     119 |   0.0 |       0 |      21 |   0.0 |  1111
           D:4 |       0 |     402 |   0.0 |       0 |      14 |   0.0 |   774
           D:5 |       0 |      33 |   0.0 |       0 |       1 |   0.0 |    79
           D:7 |       0 |     183 |   0.0 |       0 |       5 |   0.0 |    31
               +---------+---------+-------+---------+---------+-------+---------

Vault maps used:
D:1:      minmay_arrival_open_corners
D:2:      hex_large, uniq_crazy_yiuf_cottage, uniq_terence
D:3:      lemuel_coloured_pillars_altar, first_bread
D:4:      gammafunk_temple_overflow_forgotten, uniq_blork_the_orc
D:5:      serial_glass, glass_columns_a, glass_columns_c, feat_on_display,
          item_on_display_a
D:7:      lemuel_round_altar, minmay_temple_entry_purple_smoke, grunt_ogre_cave,
          minivault_24, minmay_misc_feat_encased, dk_vineyard_3, fedhas_altar_2,
          uniq_pikel, uniq_joseph

Table legend:
 A = Turns spent in this place as a percentage of turns spent in the entire game.
 B = Non-inter-level travel turns spent in this place as a percentage of non-inter-level travel turns spent in the entire game.
 C = Inter-level travel turns spent in this place as a percentage of turns spent in this place.
 D = Turns resting spent in this place as a percentage of non-inter-level travel turns spent in this place.
 E = Turns spent auto-exploring this place as a percentage of non-inter-level travel turns spent in this place.
 F = Non-inter-level travel turns spent in this place divided by the number of levels of this place that you've seen.
                   A       B       C       D       E      F
               +-------+-------+-------+-------+-------+----------------------
         Total | 100.0 | 100.0 |   2.3 |  31.0 |  51.6 | 666.7
       Dungeon | 100.0 | 100.0 |   2.3 |  31.0 |  51.6 | 666.7
               +-------+-------+-------+-------+-------+----------------------

Table legend:
 A = Kills in this place as a percentage of kills in entire the game.
 B = Kills by you in this place as a percentage of kills by you in the entire game.
 C = Kills by friends in this place as a percentage of kills by friends in the entire game.
 D = Other kills in this place as a percentage of other kills in the entire game.
 E = Experience gained in this place as a percentage of experience gained in the entire game.
 F = Experience gained in this place divided by the number of levels of this place that you have seen.
                   A       B       C       D       E      F
               +-------+-------+-------+-------+-------+----------------------
         Total | 100.0 | 100.0 | 100.0 |   N/A | 100.0 | 159.3
       Dungeon | 100.0 | 100.0 | 100.0 |   N/A | 100.0 | 159.3
               +-------+-------+-------+-------+-------+----------------------
